 Dungeon Crawl Stone Soup version 0.28.0-53-g5a82cb258f (webtiles) character file.

Game seed: 17570629782678036971

1 Sanktem7 the Sneak (level 1, 0/9 HPs)
             Began as a Spriggan Enchanter on June 2, 2022.
             Slain by a bat (1 damage)
             ... on level 1 of the Dungeon.
             The game lasted 00:01:05 (50 turns).

Sanktem7 the Sneak (Spriggan Enchanter)               Turns: 50, Time: 00:01:06

Health: 0/9        AC:  2    Str:  4    XL:     1   Next: 16%
Magic:  5/5        EV: 17    Int: 16    God:
Gold:   11         SH:  0    Dex: 15    Spells: 5/5 levels left

rFire   . . .      SeeInvis +   a - +1 dagger {short}
rCold   . . .      Faith    .   (no shield)
rNeg    . . .      Spirit   .   b - +0 robe
rPois   .          Reflect  .   (helmet restricted)
rElec   .          Harm     .   (no cloak)
rCorr   .          Rampage  .   (gloves unavailable)
Will    .....                   (boots unavailable)
Stlth   +++.......              (no amulet)
HPRegen 0.03/turn               (no ring)
MPRegen 0.09/turn               (no ring)

@: very quick
A: very small, no large weapons, unfitting armour, see invisible, speed 3
a: no special abilities


You were on level 1 of the Dungeon.
You visited 1 branch of the dungeon, and saw 1 of its levels.

You collected 11 gold pieces.


Innate Abilities, Weirdness & Mutations

You are very small and have problems with some larger weapons.
You are too small for most types of armour.
You have supernaturally acute eyesight. (SInv)
You cover ground extremely quickly. (Speed+++)


   Skills:
 - Level 1.1 Short Blades
 + Level 2.7 Dodging
 * Level 4.4 Stealth
 + Level 2.7 Spellcasting
 * Level 3.6 Hexes


You had 5 spell levels left.
You didn't know any spells.
Your spell library contained the following spells:

 Spells                   Type           Power      Damage    Failure   Level
 Confusing Touch          Hex            13%        N/A       13%         3
 Tukima's Dance           Hex            13%        N/A       13%         3
 Ensorcelled Hibernation  Hex/Ice        16%        N/A       14%         2
 Dazzling Flash           Conj/Hex       16%        N/A       26%         3

Inventory:

Hand Weapons
 a - a +1 dagger (weapon) {short}
Armour
 b - a +0 robe (worn)
Potions
 c - a potion of invisibility

Dungeon Overview and Level Annotations

Branches:
Dungeon (1/15)

Altars:

..... ##....# ...#
#..#.## ####+###.##
##.#### .......#..##
#..#
.......#..(######.##
#....#..........#
#....#.P..♣..####
+...b..P.P....#
#...P@♣P♣♣♣.PP.#
#....♣PP♣ ♣♣.♣.#
#..#.♣P♣♣ ♣♣♣...
#.##. .... #. ## +.♣
+


You could see a bat.


Message History

🤖 Initializing magus.rc ...
Options error: Delay interrupt name "hungry" not recognised. (~/.crawlrc:4768) Options error: Bad monster_list_colour key: strict_neutral (~/.crawlrc:4783) ✅ Successfully initialized magus.rc [v1.9.6] Welcome, Sanktem7 the Spriggan Enchanter.
Below lies the Orb of Zot, rumoured to be powerful enough to resurrect a god...
Press ? for a list of commands and other information.
Found 11 gold pieces.
Found a staircase leading out of the dungeon. 🤖 Initializing magus.rc ...
Options error: Delay interrupt name "hungry" not recognised. (~/.crawlrc:4768) Options error: Bad monster_list_colour key: strict_neutral (~/.crawlrc:4783) ✅ Successfully initialized magus.rc [v1.9.6] Welcome back, Sanktem7 the Spriggan Enchanter.
Press ? for a list of commands and other information.
You now have 11 gold pieces.
A quokka comes into view.
You hit the plant but do no damage. You punch the plant, but do no damage.
A bat comes into view.
The quokka misses you.
You barely miss the quokka. The quokka bites you.
Ouch! That really hurt!
* * * LOW HITPOINT WARNING * * *
😨 HP[-5]
You take 5 damage, and now have 4/9 hp.
MASSIVE DAMAGE!! (PAUSE)
You closely miss the quokka. The quokka bites you.
* * * LOW HITPOINT WARNING * * *
😨 HP[-1]
You take 1 damage, and now have 3/9 hp.
You hit the quokka but do no damage. The quokka misses you.
You closely miss the quokka. The quokka misses you.
You hit the quokka.
The quokka twitches its whiskers.
The quokka closely misses you.
You miss the quokka. The quokka closely misses you. x2
You hit the quokka. The quokka closely misses you.
You hit the quokka but do no damage. The bat hits you.
* * * LOW HITPOINT WARNING * * *
The quokka completely misses you. 😱 HP[-1]
You take 1 damage, and now have 2/9 hp.
You closely miss the quokka. The bat closely misses you.
The quokka closely misses you.
You barely miss the quokka. The bat hits you.
* * * LOW HITPOINT WARNING * * *
The quokka closely misses you. 😱 HP[-1]
You take 1 damage, and now have 1/9 hp.
You hit the quokka but do no damage. The bat barely misses you.
The quokka completely misses you.
You hit the quokka but do no damage. The bat misses you.
The quokka closely misses you.
You closely miss the quokka. The quokka completely misses you.
The bat closely misses you.
You barely miss the quokka. The bat hits you but does no damage.
The bat misses you. The quokka closely misses you.
The bat hits you but does no damage. 😱 HP[+1]
You closely miss the quokka. The bat misses you. The quokka bites you.
* * * LOW HITPOINT WARNING * * *
The quokka bites you but does no damage. 😱 HP[-1]
You take 1 damage, and now have 1/9 hp.
You hit the quokka.
You kill the quokka!
The bat barely misses you. x2
The bat hits you.
You die...

Action                   || total
-------------------------++-------
Melee: Dagger            ||    17
       Punch             ||     1
Armor: Robe              ||     3
Dodge: Dodged            ||    22

Levels and vault maps discovered:
D:1:      psy_arrival_dodecagon, layout_basic, serial_forest,
          infiniplex_forest_clump_tiny, infiniplex_forest_zigzag_1,
          infiniplex_forest_straight_4, infiniplex_forest_clump_large,
          infiniplex_forest_clump_C, infiniplex_forest_clump_diagonal,
          infiniplex_forest_zigzag_1,
          hellmonk_ecumenical_altar_pennies_from_heaven, serial_bayou_pond_e,
          roderic_cross_of_infinity

Notes
Turn   | Place    | Note
-------+----------+-------------------------------------------
     0 | D:1      | Sanktem7 the Spriggan Enchanter began the quest for the
                  | Orb.
     0 | D:1      | Reached XP level 1. HP: 9/9 MP: 5/5
     0 | D:1      | magus.rc [v1.9.6]
    41 | D:1      | HP: 2/9 [bat (1)]
    48 | D:1      | HP: 1/9 [quokka (1)]
    50 | D:1      | Slain by a bat

Vanquished Creatures
  A quokka (D:1)
1 creature vanquished.

Table legend:
 A = Non-vault XP
 B = Vault XP
 C = Vault XP percentage of total XP
 D = Non-vault monster count
 E = Vault monster count
 F = Vault count percentage of total count
                 A         B        C        D         E       F
            +---------+---------+-------+---------+---------+-------
      Total |       2 |       0 |   0.0 |       1 |       0 |   0.0
            +---------+---------+-------+---------+---------+-------
        D:1 |       2 |       0 |   0.0 |       1 |       0 |   0.0
            +---------+---------+-------+---------+---------+-------

Illustrated notes

Table legend:
 A = Kills in this place as a percentage of kills in entire the game.
 B = Kills by you in this place as a percentage of kills by you in the entire game.
 C = Kills by friends in this place as a percentage of kills by friends in the entire game.
 D = Other kills in this place as a percentage of other kills in the entire game.
 E = Experience gained in this place as a percentage of experience gained in the entire game.
 F = Experience gained in this place divided by the number of levels of this place that you have seen.
                   A       B       C       D       E      F
               +-------+-------+-------+-------+-------+----------------------
         Total | 100.0 | 100.0 |   N/A |   N/A | 100.0 |   2.0
       Dungeon | 100.0 | 100.0 |   N/A |   N/A | 100.0 |   2.0
               +-------+-------+-------+-------+-------+----------------------

Table legend: (Time is in decaauts)
 A = Elapsed time spent in this place.
 B = Non-inter-level travel time spent in this place.
 C = Inter-level travel time spent in this place.
 D = Time resting spent in this place.
 E = Time spent auto-exploring this place.
 F = Levels seen in this place.
 G = Mean time per level.
                   A        B        C        D        E       F      G
               +--------+--------+--------+--------+--------+-----+--------+
         Total |     36 |     36 |      0 |      0 |      9 |   1 |   36.0 |
       Dungeon |     36 |     36 |      0 |      0 |      9 |   1 |   36.0 |
               +--------+--------+--------+--------+--------+-----+--------+

Top non-repeatable levels by time:
     D:1: 36 daAuts
